Map: Orbital Shipyard

Players

Kamehameha

  • Race: Terran Terran
  • League: Diamond

Fullmetal - Winner!

  • Race: Terran Terran
  • League: Master

VOD

Have the link to the VOD?

Description

Time

  • Played on: Nov. 15, 2015, 10:43 p.m.
  • Length: 9:26
Show
View Real Time Build Order
Export as new Build Order

Kamehameha Terran 

Build Orders:  

Get SALT Encoding   

  12  0:00  SCV  
  13  0:12  SCV  
  14  0:17  Supply Depot  
  14  0:25  SCV  
  15  0:39  SCV, Barracks  
  16  0:48  Refinery  
  16  0:51  SCV  
  17  1:01  Barracks  
  17  1:03  SCV  
  18  1:15  SCV  
  19  1:27  Refinery  
  19  1:30  Orbital Command  
  19  1:32  Reaper  
  20  1:38  Supply Depot  
  20  1:52  Reaper  
  21  1:56  SCV  
  22  2:04  Reaper  
  23  2:09  SCV  
  24  2:21  Command Center  
  24  2:23  SCV  
  24  2:26  Reaper  
  26  2:55  Reaper  
  26  2:56  SCV  
  26  2:58  Reaper  
  28  3:00  Factory  
  28  3:16  SCV  
  29  3:22  Barracks x2  
  29  3:23  Supply Depot  
  29  3:28  SCV  
  30  3:39  Reaper x2  
  30  3:40  SCV  
  33  3:44  Orbital Command  
  33  3:50  Factory Tech Lab, Starport  
  33  3:52  SCV  
  34  4:13  SCV x2  
  34  4:14  Marine x2  
  34  4:15  Marine  
  39  4:17  Barracks Tech Lab  
  39  4:21  Supply Depot  
  39  4:22  Supply Depot  
  39  4:25  SCV  
  39  4:26  SCV  
  41  4:37  SCV  
  42  4:52  SCV x2, Marine x2  
  46  4:55  Engineering Bay  
  46  4:57  Viking  
  46  4:59  Marine  
  48  5:00  Marine  
  48  5:04  SCV x2  
  52  5:10  Marine x2  
  52  5:12  Supply Depot  
  54  5:16  SCV  
  54  5:17  Marine x2  
  57  5:27  Marine  
  57  5:28  Marine  
  57  5:31  Missile Turret  
  57  5:35  Marine x2  
  54  5:37  Missile Turret  
  53  5:45  Marine x2  
  53  5:46  Liberator  
  53  5:47  SCV x2  
  54  5:53  Marine  
  54  5:59  SCV  
  54  6:00  SCV, Marine  
  54  6:02  Siege Tank  
  54  6:03  Marine x2  
  65  6:06  Terran Infantry Weapons Level 1  
  65  6:11  SCV  
  65  6:12  SCV  
  67  6:24  SCV x2  
  67  6:25  Marine x2  
  71  6:26  Marine  
  71  6:27  Marauder  
  71  6:31  Command Center  
  74  6:36  SCV  
  74  6:37  Missile Turret  
  70  6:48  SCV x2  
  72  6:56  Siege Tank, Starport Reactor  
  72  6:57  Barracks Reactor x2  
  72  6:58  Barracks Reactor  
  72  7:00  SCV x2  
  75  7:12  SCV  
  75  7:14  SCV  
  77  7:24  SCV, Refinery  
  77  7:25  Refinery  
  78  7:32  Engineering Bay  
  78  7:33  Armory, Marine  
  78  7:34  Supply Depot x2, SCV  
  78  7:36  SCV  
  74  7:37  Marine  
  74  7:38  Marine x2  
  77  7:46  SCV  
  77  7:48  SCV  
  77  7:51  Marine x2  
  80  7:52  Marine x2  
  80  7:55  Marine  
  84  8:01  Orbital Command  
  84  8:08  Missile Turret x2  
  84  8:11  SCV, Marauder  
  84  8:12  Missile Turret  
  75  8:24  Marine x4  
  75  8:25  Marine x2  
  75  8:26  Medivac  
  61  8:30  Siege Tank  
  61  8:32  Marine  
  63  8:41  Supply Depot, Marine  
  63  8:42  Marine x4  
  68  8:52  Marine x2  
  67  8:59  Marine x3  
Show
View Real Time Build Order
Export as new Build Order

Fullmetal Terran - Winner!

Build Orders: Reaper Expand, Banshee Rush 

Get SALT Encoding   

  12  0:01  SCV  
  13  0:13  SCV  
  14  0:17  Supply Depot  
  14  0:25  SCV  
  15  0:39  SCV  
  15  0:41  Barracks  
  16  0:46  Refinery  
  16  0:51  SCV  
  17  1:03  SCV  
  18  1:15  SCV  
  19  1:29  Orbital Command  
  19  1:30  Reaper  
  20  1:41  Command Center  
  20  1:52  Supply Depot  
  20  1:54  Refinery  
  20  1:56  SCV  
  21  2:04  Barracks Reactor  
  21  2:09  SCV  
  22  2:21  SCV  
  23  2:26  Factory  
  23  2:41  Marine x2  
  23  2:44  SCV  
  24  2:54  Orbital Command  
  24  2:58  SCV  
  24  3:04  Marine x2  
  26  3:11  SCV  
  27  3:15  Factory Tech Lab, Starport  
  27  3:22  Marine x2  
  27  3:23  SCV x2  
  30  3:35  SCV  
  30  3:40  SCV, Marine x2  
  34  3:47  Factory Tech Lab, SCV  
  35  3:53  SCV  
  36  3:57  Cloaking Field  
  36  3:58  Marine x2  
  36  3:59  SCV  
  39  4:04  Banshee  
  39  4:09  Siege Tank  
  45  4:12  SCV  
  46  4:17  Supply Depot  
  46  4:32  Supply Depot  
  46  4:36  SCV x2  
  46  4:38  Marine x2  
  48  4:53  Banshee, SCV  
  48  4:56  Supply Depot  
  48  4:58  Marine x2  
  54  5:02  Barracks  
  54  5:11  Supply Depot  
  54  5:18  SCV x2, Siege Tank  
  59  5:25  Marine x2  
  61  5:30  SCV  
  62  5:44  SCV  
  63  5:52  Starport Reactor  
  63  5:58  SCV  
  63  5:59  SCV  
  63  6:03  Barracks  
  65  6:05  Marine x2  
  65  6:06  Siege Tank  
  65  6:07  Barracks  
  65  6:10  Command Center, Refinery, Barracks  
  70  6:11  Refinery  
  70  6:12  Supply Depot  
  70  6:14  Engineering Bay  
  70  6:15  Engineering Bay  
  70  6:18  Stimpack  
  70  6:25  Supply Depot  
  70  6:33  Marine  
  70  6:34  SCV x2  
  73  6:46  SCV  
  74  6:48  SCV  
  74  6:49  Marine x2  
  77  6:55  Siege Tank  
  77  6:57  Medivac x2  
  77  6:58  SCV  
  86  7:01  SCV  
  86  7:05  Terran Infantry Weapons Level 1  
  86  7:06  Terran Infantry Armor Level 1  
  83  7:08  Barracks Reactor  
  83  7:09  Barracks Reactor, Marine  
  83  7:10  SCV, Marine  
  86  7:17  Supply Depot  
  86  7:20  SCV  
  86  7:22  SCV  
  88  7:23  Sensor Tower  
  88  7:32  SCV  
  88  7:34  SCV  
  88  7:36  Barracks Reactor  
  86  7:37  Marine x3  
  86  7:42  Orbital Command  
  89  7:46  Medivac  
  89  7:47  Marine x4  
  89  7:49  SCV  
  89  7:50  SCV  
  97  7:56  Marine  
  94  7:58  Marine  
  94  8:05  SCV, Sensor Tower, Marine x2  
  95  8:06  Marine  
  95  8:08  Siege Tank  
  95  8:10  SCV  
  95  8:11  SCV  
  102  8:23  SCV  
  102  8:24  Marine x4  
  102  8:25  Marine x5  
  106  8:29  SCV x2  
  108  8:39  Barracks  
  108  8:40  Medivac  
  108  8:41  Barracks  
  110  8:42  Marine x5  
  110  8:43  Marine  
  110  8:44  Marine  
  117  8:48  Marine x2  
  116  8:59  Command Center, Marine  
  116  9:01  Marine  
  118  9:03  Supply Depot  
  118  9:04  Supply Depot  
  118  9:08  SCV x2  
  115  9:12  Armory  
Tags
 
Add a new tag
Caveats
  • Supply blocks, unpowered buildings, or Contaminate may cause inaccurate times.
  • Supply counts are checked every 10 seconds.